SR
FRANKLIN FIRE @ MOOSE JAW CANUCKS
08/30/2034
 
TOP OF THE 1ST
Franklin Fire batting - Pitching for Moose Jaw Canucks : RHP Bonifacio Navarro
Pitching: RHP Bonifacio Navarro
Batting: LHB Rick Newell 0-0: SINGLE (Flyball, 7LM)
Batting: RHB Richard Theunen 0-0: Ball
Rick Newell steals 2nd base
1-0: Called Strike
1-1: Ball
2-1: Called Strike
2-2: Foul Ball, location: 2F
2-2: Ball
3-2: Ground out U3 (Groundball, 34)
Rick Newell to third
Batting: LHB Ánibal Leobardo 0-0: Called Strike
0-1: Foul Ball, location: 2F
0-2: Ball
1-2: Ball
2-2: Ball
3-2: Foul Ball, location: 2F
3-2: Foul Ball, location: 2F
3-2: Fly out, F3 (Line Drive, 3S)
Batting: SHB Govaart Baars 0-0: Ball
1-0: Ball
2-0: DOUBLE (Line Drive, 7LM)
Rick Newell scores
Batting: RHB Pat Kramer 0-0: Foul Ball, location: 2F
0-1: Called Strike
0-2: Ball
1-2: SINGLE (Groundball, 6MD)
Govaart Baars to third
Runner from 3rd tries for Home, SAFE, throw made home
Batting: LHB Kent Maxwell 0-0: Called Strike
0-1: Foul Ball, location: 2F
0-2: Foul Ball, location: 2F
0-2: Foul Ball, location: 2F
0-2: Strikes out swinging
Top of the 1st over - 2 runs, 3 hits, 0 errors, 1 left on base; Franklin 2 - Moose Jaw 0
BOTTOM OF THE 1ST
Moose Jaw Canucks batting - Pitching for Franklin Fire : RHP Marvin Wilson
Pitching: RHP Marvin Wilson
Batting: LHB John Castro 0-0: Ball
1-0: Ball
2-0: Ball
3-0: Base on Balls
Batting: RHB Gary Bruce 0-0: Fly out, F9 (Flyball, 89M)
Batting: RHB Peer Kattenberg 0-0: Ball
1-0: Called Strike
1-1: Foul Ball, location: 2F
1-2: Foul Ball, location: 2F
1-2: Fly out, F9 (Flyball, 9)
Batting: LHB Bryan Decker 0-0: Called Strike
0-1: Ball
1-1: SINGLE (Groundball, 4MD)
John Castro to second
Runner from 2nd tries for 3rd, SAFE, no throw
Batting: SHB Millard Guzowski 0-0: Ball
1-0: Ball
2-0: Ball
3-0: Base on Balls
Bryan Decker to second
Batting: RHB Bernardo Rodríguez 0-0: Ball
Passed Ball!
John Castro scores
Bryan Decker to third
Millard Guzowski to second
1-0: Ball
2-0: Called Strike
2-1: SINGLE (Line Drive, 89S)
Bryan Decker scores
Millard Guzowski to third
Runner from 3rd tries for Home, SAFE, no throw
Batting: LHB Iván Rivera 0-0: Called Strike
0-1: Foul Ball, location: 2F
0-2: SINGLE (Line Drive, 8LS)
Bernardo Rodríguez to second
Batting: RHB Reynaldo Suárez 0-0: Fly out, F9 (Flyball, 9S)
Bottom of the 1st over - 3 runs, 3 hits, 0 errors, 2 left on base; Franklin 2 - Moose Jaw 3
TOP OF THE 2ND
Franklin Fire batting - Pitching for Moose Jaw Canucks : RHP Bonifacio Navarro
Batting: RHB John Billings 0-0: Ball
1-0: Foul Ball, location: 2F
1-1: Foul Ball, location: 2F
1-2: Foul Ball, location: 2F
1-2: Strikes out swinging
Batting: LHB Tareef Ashraf 0-0: Called Strike
0-1: Called Strike
0-2: Ball
1-2: Ball
2-2: SINGLE (Flyball, 8LS)
Batting: RHB Rubén Plumey 0-0: Called Strike
0-1: Foul Ball, location: 2F
0-2: Ball
1-2: Foul Ball, location: 2F
1-2: Foul Ball, location: 2F
1-2: Ball
2-2: Grounds into double play, 4-6-3 (Groundball, 4)
Top of the 2nd over - 0 runs, 1 hit, 0 errors, 0 left on base; Franklin 2 - Moose Jaw 3
BOTTOM OF THE 2ND
Moose Jaw Canucks batting - Pitching for Franklin Fire : RHP Marvin Wilson
Batting: RHB Rafael Mastache 0-0: Swinging Strike
0-1: Swinging Strike
0-2: Strikes out looking
Batting: LHB John Castro 0-0: Ground out 5-3 (Groundball, 56)
Batting: RHB Gary Bruce 0-0: Ground out 6-3 (Groundball, 6)
Bottom of the 2nd over - 0 runs, 0 hits, 0 errors, 0 left on base; Franklin 2 - Moose Jaw 3
TOP OF THE 3RD
Franklin Fire batting - Pitching for Moose Jaw Canucks : RHP Bonifacio Navarro
Batting: LHB Rick Newell 0-0: Foul Ball, location: 2F
0-1: Ground out 4-3 (Groundball, 4)
Batting: RHB Richard Theunen 0-0: Ball
1-0: Called Strike
1-1: Ball
2-1: SINGLE (Line Drive, 78S)
Batting: LHB Ánibal Leobardo 0-0: Fly out, F7 (Line Drive, 78S)
Batting: SHB Govaart Baars 0-0: Called Strike
0-1: DOUBLE (Line Drive, 9LM)
Richard Theunen to third
Runner from 3rd tries for Home, SAFE, no throw
Batting: RHB Pat Kramer 0-0: Called Strike
0-1: Fly out, F7 (Flyball, 7)
Top of the 3rd over - 1 run, 2 hits, 0 errors, 1 left on base; Franklin 3 - Moose Jaw 3
BOTTOM OF THE 3RD
Moose Jaw Canucks batting - Pitching for Franklin Fire : RHP Marvin Wilson
Batting: RHB Peer Kattenberg 0-0: SINGLE (Line Drive, 89S)
Batting: LHB Bryan Decker 0-0: Ball
1-0: Fielders Choice at 2nd, 5-4 (Groundball, 5)
Batting: SHB Millard Guzowski 0-0: Called Strike
0-1: Ball
1-1: Foul Ball, location: 2F
1-2: Ball
2-2: Ball
3-2: Fly out, F7 (Flyball, 7LM)
Batting: RHB Bernardo Rodríguez 0-0: Ball
1-0: Fly out, F6 (Line Drive, 6M)
Bottom of the 3rd over - 0 runs, 1 hit, 0 errors, 1 left on base; Franklin 3 - Moose Jaw 3
TOP OF THE 4TH
Franklin Fire batting - Pitching for Moose Jaw Canucks : RHP Bonifacio Navarro
Batting: LHB Kent Maxwell 0-0: DOUBLE (Groundball, 3L)
Batting: RHB John Billings 0-0: Ball
1-0: Ball
2-0: Foul Ball, location: 2F
2-1: DOUBLE (Line Drive, 8RD)
Kent Maxwell scores
Batting: LHB Tareef Ashraf 0-0: Ball
1-0: Ball
Wild Pitch!
John Billings to third
2-0: Ball
3-0: Called Strike
3-1: Base on Balls
Batting: RHB Rubén Plumey 0-0: Ground out 4-3 (Groundball, 34)
John Billings scores
Tareef Ashraf to second
Batting: LHB Rick Newell 0-0: Foul Ball, location: 2F
0-1: Ball
1-1: Called Strike
1-2: Strikes out swinging
Batting: RHB Richard Theunen 0-0: Ball
1-0: Swinging Strike
1-1: Ball
2-1: DOUBLE (Line Drive, 7)
Tareef Ashraf scores
Batting: LHB Ánibal Leobardo 0-0: Swinging Strike
0-1: Ball
1-1: Ball
2-1: Ground out 5-3 (Groundball, 56)
Top of the 4th over - 3 runs, 3 hits, 0 errors, 1 left on base; Franklin 6 - Moose Jaw 3
BOTTOM OF THE 4TH
Moose Jaw Canucks batting - Pitching for Franklin Fire : RHP Marvin Wilson
Batting: LHB Iván Rivera 0-0: Called Strike
0-1: Foul Ball, location: 2F
0-2: Foul Ball, location: 2F
0-2: Ball
1-2: Ball
2-2: Foul Ball, location: 2F
2-2: Ball
3-2: SINGLE (Groundball, 56S) (infield hit)
Batting: RHB Reynaldo Suárez 0-0: Called Strike
0-1: Foul Ball, location: 2F
0-2: Ball
1-2: Grounds into double play, 4-6-3 (Groundball, 34)
Batting: RHB Rafael Mastache 0-0: Foul Ball, location: 2F
0-1: Ball
1-1: Ground out 6-3 (Groundball, 56)
Bottom of the 4th over - 0 runs, 1 hit, 0 errors, 0 left on base; Franklin 6 - Moose Jaw 3
TOP OF THE 5TH
Franklin Fire batting - Pitching for Moose Jaw Canucks : RHP Bonifacio Navarro
Batting: SHB Govaart Baars 0-0: Called Strike
0-1: Called Strike
0-2: Ball
1-2: Ball
2-2: Ground out 5-3 (Groundball, 56)
Batting: RHB Pat Kramer 0-0: Ball
1-0: Ball
2-0: Fly out, F9 (Flyball, 89D)
Batting: LHB Kent Maxwell 0-0: Ball
1-0: Foul Ball, location: 2F
1-1: Ball
2-1: Foul Ball, location: 2F
2-2: Foul Ball, location: 2F
2-2: DOUBLE (Line Drive, 78D)
Pitching: RHP Félix Rivera
Batting: RHB John Billings 0-0: Foul Ball, location: 2F
0-1: Fly out, F9 (Flyball, 9D)
Top of the 5th over - 0 runs, 1 hit, 0 errors, 1 left on base; Franklin 6 - Moose Jaw 3
BOTTOM OF THE 5TH
Moose Jaw Canucks batting - Pitching for Franklin Fire : RHP Marvin Wilson
Batting: LHB John Castro 0-0: Called Strike
0-1: Ball
1-1: Foul Ball, location: 2F
1-2: Ground out U3 (Groundball, 34S)
Batting: RHB Gary Bruce 0-0: Ball
1-0: Ball
2-0: Called Strike
2-1: DOUBLE (Line Drive, 5D)
Batting: RHB Peer Kattenberg 0-0: Ball
1-0: SINGLE (Flyball, 78M)
Gary Bruce to third
Runner from 3rd tries for Home, SAFE, throw made home
Batting: LHB Bryan Decker 0-0: Ball
1-0: Ball
2-0: Called Strike
2-1: Called Strike
2-2: Grounds into double play, 4-6-3 (Groundball, 4M)
Bottom of the 5th over - 1 run, 2 hits, 0 errors, 0 left on base; Franklin 6 - Moose Jaw 4
TOP OF THE 6TH
Franklin Fire batting - Pitching for Moose Jaw Canucks : RHP Félix Rivera
Batting: LHB Tareef Ashraf 0-0: Called Strike
0-1: Called Strike
0-2: Foul Ball, location: 2F
0-2: Ball
1-2: Foul Ball, location: 2F
1-2: Strikes out swinging
Batting: RHB Rubén Plumey 0-0: Called Strike
0-1: Foul Ball, location: 2F
0-2: SINGLE (Line Drive, 56D)
Batting: LHB Rick Newell 0-0: Ball
1-0: Called Strike
1-1: Ball
2-1: Ball
3-1: Called Strike
3-2: Foul Ball, location: 2F
3-2: Strikes out looking
Batting: RHB Richard Theunen 0-0: Foul Ball, location: 2F
0-1: Called Strike
0-2: Foul Ball, location: 2F
0-2: Foul Ball, location: 2F
0-2: Ball
1-2: Fly out, F8 (Flyball, 8RS)
Top of the 6th over - 0 runs, 1 hit, 0 errors, 1 left on base; Franklin 6 - Moose Jaw 4
BOTTOM OF THE 6TH
Moose Jaw Canucks batting - Pitching for Franklin Fire : RHP Marvin Wilson
Batting: SHB Millard Guzowski 0-0: Called Strike
0-1: SINGLE (Line Drive, 34D)
Batting: RHB Bernardo Rodríguez 0-0: Foul Ball, location: 2F
0-1: Swinging Strike
0-2: Ball
1-2: SINGLE (Groundball, 6MD)
Millard Guzowski to second
Runner from 2nd tries for 3rd, SAFE, no throw
Batting: LHB Iván Rivera 0-0: Foul Ball, location: 2F
0-1: Swinging Strike
0-2: Strikes out swinging
Batting: RHB Reynaldo Suárez 0-0: Foul Ball, location: 2F
0-1: Swinging Strike
0-2: Ball
1-2: Foul Ball, location: 2F
1-2: Ball
2-2: Foul Ball, location: 2F
2-2: Ball
3-2: Strikes out swinging
Batting: RHB Rafael Mastache 0-0: Ball
1-0: Swinging Strike
1-1: Foul Ball, location: 2F
1-2: Foul Ball, location: 2F
1-2: Fly out, F7 (Flyball, 7S)
Bottom of the 6th over - 0 runs, 2 hits, 0 errors, 2 left on base; Franklin 6 - Moose Jaw 4
TOP OF THE 7TH
Franklin Fire batting - Pitching for Moose Jaw Canucks : RHP Félix Rivera
Batting: LHB Ánibal Leobardo 0-0: Called Strike
0-1: Hit by Pitch
Batting: SHB Govaart Baars 0-0: Ball
1-0: Swinging Strike
1-1: Foul Ball, location: 2F
1-2: Strikes out swinging
Batting: RHB Pat Kramer 0-0: Foul Ball, location: 2F
0-1: Fly out, F7 (Line Drive, 7D)
Batting: LHB Kent Maxwell 0-0: Ball
Ánibal Leobardo is caught stealing 2nd base
Top of the 7th over - 0 runs, 0 hits, 0 errors, 0 left on base; Franklin 6 - Moose Jaw 4
BOTTOM OF THE 7TH
Moose Jaw Canucks batting - Pitching for Franklin Fire : RHP Marvin Wilson
Batting: LHB John Castro 0-0: Ground out 3-1 (Groundball, 34S)
Batting: RHB Gary Bruce 0-0: Called Strike
0-1: Ball
1-1: Foul Ball, location: 2F
1-2: Reached on error, E6 (Groundball, 6M)
Batting: RHB Peer Kattenberg 0-0: Fly out, F8 (Flyball, 8RD)
Batting: LHB Bryan Decker 0-0: Called Strike
0-1: Ball
1-1: Ball
2-1: Foul Ball, location: 2F
2-2: SINGLE (Line Drive, 34D)
Gary Bruce to second
Gary Bruce to third
Batting: SHB Millard Guzowski 0-0: Called Strike
0-1: Swinging Strike
0-2: Foul Ball, location: 2F
0-2: Ball
1-2: Ball
2-2: Fielders Choice at 2nd, 5-4 (Groundball, 5L)
Bottom of the 7th over - 0 runs, 1 hit, 1 error, 2 left on base; Franklin 6 - Moose Jaw 4
TOP OF THE 8TH
Franklin Fire batting - Pitching for Moose Jaw Canucks : RHP Félix Rivera
Batting: LHB Kent Maxwell 0-0: Called Strike
0-1: Fly out, F9 (Flyball, 8RS)
Pitching: RHP Enrique Durán
Batting: RHB John Billings 0-0: Ball
1-0: Ball
2-0: Ground out 6-3 (Groundball, 6MD)
Batting: LHB Tareef Ashraf 0-0: Foul Ball, location: 2F
0-1: Ball
1-1: Ball
2-1: Swinging Strike
2-2: Ball
3-2: Strikes out swinging, 2-3 out at first.
Top of the 8th over - 0 runs, 0 hits, 0 errors, 0 left on base; Franklin 6 - Moose Jaw 4
BOTTOM OF THE 8TH
Moose Jaw Canucks batting - Pitching for Franklin Fire : RHP Marvin Wilson
Batting: RHB Bernardo Rodríguez 0-0: Foul Ball, location: 2F
0-1: Ball
1-1: Foul Ball, location: 2F
1-2: Ball
2-2: Foul Ball, location: 2F
2-2: Ball
3-2: SINGLE (Groundball, 6MD)
Batting: LHB Iván Rivera 0-0: SINGLE (Line Drive, 9S)
Bernardo Rodríguez to second
Pinch Runner at 2nd Jeffrey Braz:
Batting: RHB Reynaldo Suárez 0-0: Fly out, F9 (Flyball, 9)
Pinch Hitting: RHB Barney Wilson 0-0: Ground out 5-3 (Groundball, 56S)
Jeffrey Braz to third
Iván Rivera to second
Batting: LHB John Castro 0-0: Ball
1-0: Ball
2-0: Ball
3-0: Base on Balls
Batting: RHB Gary Bruce 0-0: Ball
1-0: Ball
2-0: Called Strike
2-1: Ball
3-1: Base on Balls
Jeffrey Braz scores
Iván Rivera to third
John Castro to second
Batting: RHB Peer Kattenberg 0-0: Swinging Strike
0-1: Ball
1-1: TRIPLE (Flyball, 9D)
Iván Rivera scores
John Castro scores
Gary Bruce scores
Pitching: LHP Shannon L. Alder
Batting: LHB Bryan Decker 0-0: Ball
1-0: Fly out, F4 (Popup, 4D)
Bottom of the 8th over - 4 runs, 3 hits, 0 errors, 1 left on base; Franklin 6 - Moose Jaw 8
TOP OF THE 9TH
Franklin Fire batting - Pitching for Moose Jaw Canucks : RHP Enrique Durán
Pitching: RHP Seppe Coussement
Now at 3B: Barney Wilson
Now at SS: Jeffrey Braz
Batting: RHB Rubén Plumey 0-0: Ball
1-0: Ball
2-0: Called Strike
2-1: Fly out, F9 (Flyball, 89D)
Batting: LHB Rick Newell 0-0: Swinging Strike
0-1: Called Strike
0-2: Ball
1-2: Strikes out swinging
Batting: RHB Richard Theunen 0-0: SINGLE (Line Drive, 7S)
Batting: LHB Ánibal Leobardo 0-0: Called Strike
0-1: Ball
1-1: Ball
2-1: SINGLE (Flyball, 7S)
Richard Theunen to second
Batting: SHB Govaart Baars 0-0: Called Strike
0-1: Foul Ball, location: 2F
0-2: Ball
1-2: Ground out 5-3 (Groundball, 6)
Top of the 9th over - 0 runs, 2 hits, 0 errors, 2 left on base; Franklin 6 - Moose Jaw 8
Friday, March 29th, 2019 - OOTP Baseball 18.8 Build 76